 Dungeon Crawl Stone Soup version 0.22.1-2-g9c5b331 (webtiles) character file.

231 Lilu the Conjurer (level 5, -2/28 HPs)
             Began as a Deep Elf Conjurer on Nov 17, 2018.
             Slain by a gnoll
             ... wielding a +0 flail
              (7 damage)
             ... on level 4 of the Dungeon.
             The game lasted 00:13:47 (3004 turns).

Lilu the Conjurer (Deep Elf Conjurer)               Turns: 3004, Time: 00:13:47

Health: -2/28      AC:  2    Str:  5    XL:     5   Next: 72%
Magic:  15/15      EV: 13    Int: 21    God:
Gold:   114        SH:  0    Dex: 15    Spells: 13/16 levels left

rFire    . . .     SeeInvis .   k - +0 dagger
rCold    . . .     Gourm    .   (no shield)
rNeg     . . .     Faith    .   a - +0 robe
rPois    .         Spirit   .   (no helmet)
rElec    .         Reflect  .   (no cloak)
rCorr    .         Harm     .   (no gloves)
MR       +....                  (no boots)
Stlth    ++........             d - amulet of the acrobat
HPRegen  0.09/turn              p - ring of protection from magic
MPRegen  0.14/turn              (no ring)

@: no status effects
A: no striking features
a: no special abilities


You were on level 4 of the Dungeon.
You were not hungry.

You visited 1 branch of the dungeon, and saw 4 of its levels.

You collected 114 gold pieces.

Inventory:

Hand Weapons
 k - a +0 dagger (weapon)
Armour
 a - a +0 robe (worn)
Jewellery
 d - an amulet of the acrobat (around neck)
 p - a ring of protection from magic (left hand)
Scrolls
 b - a scroll of blinking {unknown}
 f - a scroll of fear {unknown}
 h - 5 scrolls of remove curse {unknown}
 j - a scroll of teleportation {unknown}
 l - a scroll of immolation {unknown}
 m - a scroll of random uselessness {unknown}
 o - 8 scrolls of identify {unknown}
Potions
 e - a potion of ambrosia {unknown}
 g - a potion of berserk rage {unknown}
 i - a potion of flight {unknown}
 n - 2 potions of heal wounds {unknown}
 q - 2 potions of curing {unknown}
 r - a potion of might {unknown}
Comestibles
 c - 8 rations
 s - 4 chunks of flesh


   Skills:
 - Level 2.4 Dodging
 - Level 2.4 Stealth
 + Level 6.1 Spellcasting
 + Level 6.3 Conjurations


You had 13 spell levels left.
You knew the following spells:

 Your Spells              Type           Power        Failure   Level  Hunger
a - Magic Dart            Conj           ####         1%          1    None
b - Searing Ray           Conj           ####..       1%          2    None

Your spell library contained the following spells:

 Spells                   Type           Power        Failure   Level  Hunger
 Iskenderun's Mystic Bla  Conj           ####....     7%          4    ####...
 Dazzling Spray           Conj/Hex       ###...       8%          3    ##.....
 Force Lance              Conj/Tloc      ###.....     26%         4    ####...
 Fulminant Prism          Conj/Hex       ###.......   26%         4    ####...


Dungeon Overview and Level Annotations

Branches:
Dungeon (4/15)
 Temple: D:4-7

Altars:
Gozag
Kikubaaqudgha
Qazlal
Xom

Annotations:
D:4 Edmund


Message History

The gnoll shouts!
You hit the gnoll.
The gnoll is lightly wounded.
You hit the gnoll but do no damage.
The gnoll is lightly wounded.
The gnoll hits you with a flail!
The gnoll hits you from afar with a spear.
You hit the gnoll.
The gnoll is moderately wounded.
The gnoll barely misses you.
The gnoll hits you from afar with a spear.
You barely miss the gnoll.
The gnoll is moderately wounded.
The gnoll hits you with a flail!
* * * LOW HITPOINT WARNING * * *
The gnoll closely misses you.
You barely miss the gnoll.
The gnoll is moderately wounded.
The gnoll hits you with a flail!
You die...

######.......#
# #.......# #
#.......# #
#.......# #
######.......#
# #.<..# ####
#....# ....#
#....#g....#
#...@gg....#
#######....+
..# #


You could see 3 gnolls.

Vanquished Creatures
  A scorpion (D:4)
  A worker ant (D:4)
  3 gnolls (D:2)
  6 adders
  An adder skeleton (D:4)
  4 dart slugs
  3 leopard geckos
  An orc (D:3)
  2 ball pythons (D:2)
  3 giant cockroaches
  7 goblins
  7 hobgoblins
  6 jackals (D:3)
  5 kobolds
  3 quokkas
  A bat (D:3)
  3 frilled lizards
  5 rats
62 creatures vanquished.

Notes
Turn   | Place    | Note
-------+----------+-------------------------------------------
     0 | D:1      | Lilu the Deep Elf Conjurer began the quest for the Orb.
     0 | D:1      | Reached XP level 1. HP: 10/10 MP: 6/6
   189 | D:1      | Reached XP level 2. HP: 15/15 MP: 5/8
   193 | D:1      | Learned a level 2 spell: Searing Ray
   659 | D:2      | Reached skill level 5 in Conjurations
   659 | D:2      | Reached XP level 3. HP: 19/19 MP: 3/10
  1184 | D:2      | Reached XP level 4. HP: 24/24 MP: 6/12
  1422 | D:2      | Reached skill level 5 in Spellcasting
  1970 | D:3      | Found a shimmering altar of Xom.
  1975 | D:3      | Found a glowing golden altar of the Shining One.
  1975 | D:3      | Found an ancient bone altar of Kikubaaqudgha.
  2002 | D:3      | Found an opulent altar of Gozag.
  2002 | D:3      | Found a sparkling altar of Nemelex Xobeh.
  2002 | D:3      | Found a stormy altar of Qazlal.
  2166 | D:3      | Reached XP level 5. HP: 27/28 MP: 10/14
  2882 | D:4      | Noticed Edmund
  3004 | D:4      | Slain by a gnoll

Skill      XL: |  1  2  3  4  5 |
---------------+----------------+-----
Spellcasting   | 4 5 6 |  6.1
Conjurations   | 5 6 |  6.3
Dodging        | |  2.4
Stealth        | |  2.4

Action                   |  1- 3 |  4- 6 || total
-------------------------+-------+-------++-------
Melee: Dagger            |       |     6 ||     6
 Cast: Magic Dart        |    41 |    42 ||    83
       Searing Ray       |     9 |    13 ||    22
  Eat: Chunk             |     1 |     5 ||     6
Armor: Robe              |       |     4 ||     4
Dodge: Dodged            |     6 |    26 ||    32
